AoeStats
← BLOOTLAND

Arena

509465268Analyzed
1v1 RM · 7d ago on Sep 26, 2026· 62m 59s· 2 players
Game mode
Random Map
Map size
Tiny (2 player)
Population
200
Speed
Normal
Resources
Standard
Victory
Conquest
Starting age
Dark Age
Ending age
Imperial Age
RankedLock teamsTeams togetherTeam positionsShared explorationLock speedFull tech treeHidden civsTurbo modeCheats
Victory
Defeat
🇫🇷 Britons · France
819
+19
🇨🇱 Inca · Chile
876
-19
Primus Legatus
3:37 Loom
10:14 Feudal Age
10:48 Double-Bit Axe
11:17 Horse Collar
19:04 Castle Age
18:05 Stone Mining
18:54 Forging
18:59 Gold Mining
19:28 Scale Mail Armor
20:39 Stone Shaft Mining
20:50 Iron Casting
20:33 Squires
22:53 Chain Mail Armor
24:52 Padded Archer Armor
24:43 Fletching
26:00 Bow Saw
28:13 Wheelbarrow
27:28 Town Watch
27:47 Elite Skirmisher
37:10 Imperial Age
34:56 Hand Cart
36:50 Town Patrol
38:18 Thumb Ring
39:18 Blast Furnace
38:43 Leather Archer Armor
40:14 Plate Mail Armor
39:46 Heavy Plow
40:57 Bodkin Arrow
42:49 Chemistry
45:52 Ring Archer Armor
46:02 Murder Holes
46:34 Ballistics
45:55 Elite Kamayuk
49:02 Crop Rotation
50:17 Conscription
49:28 Champi Runner
53:14 Onager
58:22 Gold Shaft Mining
BLOOTLAND
8:37 Feudal Age
9:06 Double-Bit Axe
17:13 Castle Age
15:42 Horse Collar
16:21 Stone Mining
16:55 Gold Mining
18:50 Bow Saw
18:53 Heavy Plow
25:00 Gold Shaft Mining
25:25 Wheelbarrow
25:26 Treadmill Crane
26:47 Hand Cart
29:47 Imperial Age
27:33 Padded Archer Armor
27:39 Town Watch
27:40 Loom
27:50 Fletching
28:54 Yeomen
29:48 Ballistics
29:45 Leather Archer Armor
29:25 Bodkin Arrow
30:33 Town Patrol
31:08 Conscription
31:29 Ring Archer Armor
31:46 Bracer
31:34 Elite Longbowman
34:22 Husbandry
33:45 Cavalier
49:13 Forging
49:04 Scale Mail Armor
48:40 Man-at-Arms
49:21 Squires
49:07 Arson
49:09 Gambesons
49:33 Long Swordsman
50:51 Chain Mail Armor
51:12 Iron Casting
50:04 Two-Handed Swordsman
50:40 Champion
53:36 Plate Mail Armor
Connection lost

Rejoining the realm…

Still unreachable

The connection could not be restored.

Session expired

The server has moved on; the page needs a fresh start.